 Dungeon Crawl Stone Soup version 0.26.0-11-g8f856b5395 (webtiles) character file.

Game seed: 2202190162665139573

65 Destapler the Ducker (level 4, -5/27 HPs)
             Began as a Tengu Warper on Jan 15, 2021.
             Was a Follower of Wu Jian.
             Slain by a worm (7 damage)
             ... on level 2 of the Dungeon.
             The game lasted 00:07:02 (946 turns).

Destapler the Ducker (Tengu Warper)                  Turns: 946, Time: 00:07:02

Health: -5/27      AC:  5    Str: 12    XL:     4   Next: 14%
Magic:  8/8        EV: 12    Int: 13    God:    Wu Jian [*.....]
Gold:   52         SH:  0    Dex: 14    Spells: 5/7 levels left

rFire    . . .     SeeInvis .   a - +0 spear
rCold    . . .     Faith    .   (no shield)
rNeg     . . .     Spirit   .   b - +0 leather armour
rPois    .         Reflect  .   (helmet restricted)
rElec    .         Harm     .   (no cloak)
rCorr    .         Rampage  .   o - +1 pair of gloves
Will     .....                  (boots unavailable)
Stlth    +++.......             (no amulet)
HPRegen  0.09/turn              j - ring of stealth
MPRegen  0.11/turn              (no ring)

@: lethally poisoned (-5 -> -14)
A: beak, talons 3
a: Renounce Religion


You were on level 2 of the Dungeon.
You worshipped Wu Jian.
Wu Jian was aware of your devotion.
You visited 1 branch of the dungeon, and saw 2 of its levels.

You collected 52 gold pieces.

Inventory:

Hand Weapons
 a - a +0 spear (weapon)
Missiles
 e - 5 boomerangs of dispersal (quivered)
Armour
 b - a +0 leather armour (worn)
 i - a +0 pair of gloves
 o - a +1 pair of gloves (worn)
Jewellery
 j - a ring of stealth (left hand)
Scrolls
 c - a scroll of remove curse {unknown}
 d - a scroll of blinking
 f - 4 scrolls of teleportation {unknown}
 k - 3 scrolls of identify {unknown}
 m - a scroll of fog {unknown}
 n - a scroll of enchant armour {unknown}
Potions
 g - a potion of cancellation
 h - a potion of curing {unknown}
 l - a potion of haste {unknown}


   Skills:
 + Level 2.3 Fighting
 - Level 2.4 Polearms
 + Level 1.5 Throwing
 + Level 1.7 Armour
 + Level 2.7 Dodging
 + Level 1.2 Stealth
 + Level 2.2 Spellcasting
 + Level 2.6 Translocations


You had 5 spell levels left.
You knew the following spells:

 Your Spells              Type           Power        Failure   Level
B - Blink                 Tloc           N/A          16%         2

Your spell library contained the following spells:

 Spells                   Type           Power        Failure   Level
 Gell's Gravitas          Tloc           4%           32%         3
 Lesser Beckoning         Tloc           4%           32%         3
 Teleport Other           Tloc           8%           32%         3
 Passage of Golubria      Tloc           N/A          71%         4


Dungeon Overview and Level Annotations

Branches:
Dungeon (2/15)

Altars:
Nemelex Xobeh
Wu Jian


Innate Abilities, Weirdness & Mutations

You have a beak for a mouth.
You have claws for feet.


Message History

* * * LOW HITPOINT WARNING * * *
You feel sick. The adder misses you. The worm bites you but does no damage.
You spin and attack the adder.
You closely miss the adder.
The adder is almost dead.
* * * LOW HITPOINT WARNING * * *
You feel sick. The adder bites you but does no damage.
You see here an adder corpse.
You lunge at the worm.
You barely miss the worm.
The worm is moderately wounded.
You spin and attack the adder.
You hit the adder.
You kill the adder!
The Council accepts your kill.
* * * LOW HITPOINT WARNING * * *
You feel sick. The worm closely misses you.
You have reached level 4!
You feel stronger.
It was a potion of cancellation.
You feel magically purged.
* * * LOW HITPOINT WARNING * * *
You feel sick. The worm bites you!
You die...

...... #.# ......####.#
#.# ........##.#######
####..#
.g......w.................
...!....?..########.....#
# .......###.†#####
#.....# ## .......#
#).....###.....# ###.
......## ####..w........#
#... .(...# ###.@..##...#
#... ###.# ###†....#.##
##... #. #........###...#.
####.........# #.
##....(##.### #.
###......##.######
##....#.........#..
#..##...#.......... ####
##.###=.##..........


You could see a worm.

Vanquished Creatures
  2 adders (D:2)
  2 worms (D:2)
  2 dart slugs (D:1)
  2 leopard geckos (D:1)
  5 bats
  2 giant cockroaches
  3 goblins (D:1)
  6 hobgoblins
  A ball python (D:1)
  2 frilled lizards (D:1)
  4 kobolds
  3 rats
34 creatures vanquished.

Notes
Turn   | Place    | Note
-------+----------+-------------------------------------------
     0 | D:1      | Destapler the Tengu Warper began the quest for the Orb.
     0 | D:1      | Reached XP level 1. HP: 12/12 MP: 4/4
    25 | D:1      | Reached XP level 2. HP: 17/17 MP: 6/6
   227 | D:1      | Learned a level 2 spell: Blink
   391 | D:1      | Reached XP level 3. HP: 21/21 MP: 7/7
   637 | D:2      | Found a faded altar of an unknown god.
   650 | D:2      | Became a worshipper of the Wu Jian Council
   650 | D:2      | Reached * piety under Wu Jian
   666 | D:2      | Found a sparkling altar of Nemelex Xobeh.
   704 | D:1      | Reached skill level 1 in Stealth
   946 | D:2      | Reached XP level 4. HP: 3/27 MP: 8/8
   946 | D:2      | Slain by a worm

Illustrated notes

Levels and vault maps discovered:
D:1:      mrwooster_arrival_statue, layout_rooms,
          corexii_item_surrounded_by_moat
D:2:      layout_rooms, nicolae_overflow_hidden_temple,
          chequers_ecumenical_altar_simple_redux

Skill      XL: |  1  2  3 |
---------------+----------+-----
Stealth        | 1 |  1.2
Fighting       | |  2.3
Polearms       | |  2.4
Throwing       | |  1.5
Armour         | |  1.7
Dodging        | |  2.7
Spellcasting   | |  2.2
Translocations | |  2.6

Action                   |  1- 3 |  4- 6 || total
-------------------------+-------+-------++-------
Melee: Spear             |   104 |       ||   104
       Peck              |    15 |       ||    15
       Kick              |    18 |       ||    18
Invok: Whirlwind         |    14 |       ||    14
       Lunge             |     5 |       ||     5
  Use: Potion            |       |     1 ||     1
 Stab: Sleeping          |     5 |       ||     5
Armor: Leather armour    |    25 |       ||    25
Dodge: Dodged            |    43 |       ||    43
